 Dungeon Crawl Stone Soup version 0.24-a0-434-gd57e52fea8 (webtiles) character file.

Game seed: 5784585953096606482

301 OCTOBOI the Conjurer (level 6, -3/41 HPs)
             Began as an Octopode Conjurer on June 15, 2019.
             Killed from afar by Blork the orc (12 damage)
             ... with a puff of flame
             ... on level 4 of the Dungeon.
             The game lasted 00:15:41 (4684 turns).

OCTOBOI the Conjurer (Octopode Conjurer)            Turns: 4684, Time: 00:15:41

Health: -3/41      AC:  1    Str:  7    XL:     6   Next: 37%
Magic:  4/10       EV: 13    Int: 19    God:
Gold:   207        SH:  0    Dex: 13    Spells: 7/11 levels left

rFire    . . .     SeeInvis .   a - +0 spear
rCold    . . .     Gourm    .   (no shield)
rNeg     . . .     Faith    .   (helmet restricted)
rPois    .         Spirit   .   (no amulet)
rElec    .         Reflect  .   (no ring)
rCorr    .         Harm     .   (no ring)
MR       .....                  (no ring)
Stlth    +++.......             (no ring)
HPRegen  0.13/turn              (no ring)
MPRegen  0.12/turn              (no ring)
                                (no ring)
                                (no ring)

@: no status effects
A: almost no armour, stealthy swim, amphibious, 8 rings, constrict 8, camouflage
1, gelatinous body 1
a: no special abilities


You were on level 4 of the Dungeon.
You were hungry.

You visited 1 branch of the dungeon, and saw 4 of its levels.

You collected 207 gold pieces.

Inventory:

Hand Weapons
 a - a +0 spear (weapon)
Armour
 s - a cursed +0 shield
Jewellery
 k - an uncursed ring of protection from cold {unknown}
 o - an uncursed ring of protection from fire {unknown}
 q - a cursed amulet of inaccuracy {unknown}
Wands
 n - a wand of disintegration (12)
Scrolls
 c - 4 scrolls of teleportation {unknown}
 e - a scroll of fear {unknown}
 g - 9 scrolls of identify {unknown}
 h - a scroll of enchant weapon {unknown}
 j - a scroll of amnesia {unknown}
 m - 2 scrolls of remove curse {unknown}
 p - 2 scrolls of enchant armour {unknown}
Potions
 d - a potion of might {unknown}
 f - a potion of ambrosia {unknown}
 i - 2 potions of curing
 l - a potion of magic {unknown}
 r - a potion of degeneration {unknown}
Comestibles
 b - 5 rations
 t - 7 chunks of flesh


   Skills:
 + Level 2.5 Fighting
 - Level 2.0 Dodging
 - Level 2.6 Stealth
 + Level 3.2 Spellcasting
 * Level 5.7 Conjurations
 * Level 2.0 Hexes


You had 7 spell levels left.
You knew the following spells:

 Your Spells              Type           Power        Failure   Level  Hunger
a - Magic Dart            Conj           ###.         1%          1    None
b - Dazzling Spray        Conj/Hex       ###...       9%          3    ###....

Your spell library contained the following spells:

 Spells                   Type           Power        Failure   Level  Hunger
 Searing Ray              Conj           ###...       2%          2    ##.....
 Iskenderun's Mystic Bla  Conj           ###.....     14%         4    ####...
 Fulminant Prism          Conj/Hex       ###.......   30%         4    ####...
 Force Lance              Conj/Tloc      ##......     41%         4    ####...


Dungeon Overview and Level Annotations

Branches:
Dungeon (4/15)
 Temple: D:4-7

Altars:
Elyvilon
Fedhas
Kikubaaqudgha
Makhleb
Nemelex Xobeh

Annotations:
D:4 Blork the orc


Innate Abilities, Weirdness & Mutations

You cannot wear most types of armour.
You are very stealthy in the water. (Stealth+)
You are amphibious.
You can wear up to eight rings at the same time.
You can use your tentacles to constrict eight enemies at once.
Your skin changes colour to match your surroundings (Stealth+).
Your rubbery body absorbs attacks. (AC +1, EV +1)


Message History

Press: ? - help, Shift-Dir - straight line, f/p - Blork the orc
Aim: Blork the orc, wielding a +0 halberd, wearing a +0 robe and carrying a wand of flame (24) (lightly wounded)
The spray of energy misses Blork the orc.
The spray of energy misses the orc.
Blork the orc gestures wildly while chanting.
Blork the orc seems to speed up.
There is a stone staircase leading down here.
Unknown command.
Blork the orc gestures at you while chanting.
The magic dart hits you!
Blork the orc gestures at you while chanting.
The magic dart hits you.
The orc is no longer blind.
Blork the orc points at you and mumbles some strange words.
The magic dart hits you!
Blork the orc zaps a wand.
The puff of flame hits you!
* * * LOW HITPOINT WARNING * * *
You are feeling hungry.
Blork the orc zaps a wand.
The puff of flame hits you!
You die...

#......)..##.....#
#......#
#.........##o#
#.#....#
#.........##o#
#.....##
#.........##.#
####..#
#.........##.# #.##
#.........##.# #.#
######.#..##.####
####.# #..#.......###
#....# ##..##@.##...#
#.####
##.##...###.###.#
#......###.....# #
###.<#....###..######
###..####.##........#
##....# #....######..
#..#.## ##..## ##...
###.##.# #..#####..##
#...##.# #...)....##


You could see Blork the orc and an orc.

Vanquished Creatures
  A bullfrog skeleton (D:4)
  3 orc wizards
  A worker ant (D:2)
  Robin (D:4)
  6 adders
  An ooze (D:3)
  A worm (D:4)
  5 leopard geckos
  7 orcs
  6 giant cockroaches
  11 goblins
  10 hobgoblins
  4 jackals (D:4)
  9 kobolds
  A quokka (D:2)
  5 bats
  4 frilled lizards
  9 rats
85 creatures vanquished.

Notes
Turn   | Place    | Note
-------+----------+-------------------------------------------
     0 | D:1      | OCTOBOI the Octopode Conjurer began the quest for the Orb.
     0 | D:1      | Reached XP level 1. HP: 11/11 MP: 3/3
   199 | D:1      | Reached XP level 2. HP: 17/18 MP: 0/5
   998 | D:2      | Reached skill level 1 in Fighting
  1035 | D:2      | Reached XP level 3. HP: 23/23 MP: 1/6
  1058 | D:2      | Found a white marble altar of Elyvilon.
  1180 | D:2      | Found an ancient bone altar of Kikubaaqudgha.
  1348 | D:2      | Reached XP level 4. HP: 15/28 MP: 0/7
  1526 | D:2      | Learned a level 3 spell: Dazzling Spray
  1945 | D:3      | Reached skill level 5 in Conjurations
  2198 | D:3      | Found a sparkling altar of Nemelex Xobeh.
  2710 | D:3      | Reached XP level 5. HP: 34/34 MP: 6/9
  3055 | D:3      | Found a burning altar of Makhleb.
  3118 | D:4      | Noticed Robin
  3168 | D:4      | HP: 1/34 [something/magic dart (6)]
  3549 | D:3      | Found a sparkling altar of Nemelex Xobeh.
  3734 | D:4      | Reached skill level 1 in Hexes
  3973 | D:4      | Reached XP level 6. HP: 41/41 MP: 1/10
  4322 | D:4      | Found a blossoming altar of Fedhas.
  4493 | D:4      | Killed Robin
  4673 | D:4      | Noticed Blork the orc
  4684 | D:4      | Killed from afar by Blork the orc

Levels and vault maps discovered:
D:1:      scummos_arrival_simple_crosswalls, layout_basic
D:2:      layout_basic, overflow_temple_1_default, elyvilon_altar_5
D:3:      layout_rooms, nemelex_xobeh_ov_fountains_minmay, marbit_many_paths
D:4:      layout_rooms, serial_shops, kennysheep_mini, first_ration,
          fedhas_altar_1, uniq_robin, uniq_blork_the_orc

Skill      XL: |  1  2  3  4  5  6 |
---------------+-------------------+-----
Fighting       | 1 2 |  2.5
Conjurations   | 5 |  5.7
Hexes          | 1 2 |  2.0
Spellcasting   | 3 |  3.2
Dodging        | |  2.0
Stealth        | |  2.6

Action                   |  1- 3 |  4- 6 || total
-------------------------+-------+-------++-------
Melee: Spear             |     3 |     8 ||    11
       Constrict         |     1 |     1 ||     2
       Tentacles         |       |     1 ||     1
 Cast: Magic Dart        |    54 |   141 ||   195
       Dazzling Spray    |       |     6 ||     6
  Use: Potion            |       |     2 ||     2
  Eat: Chunk             |     2 |    10 ||    12
Armor: Skin              |       |     8 ||     8
Dodge: Dodged            |     7 |    19 ||    26

Table legend:
 A = Non-vault XP
 B = Vault XP
 C = Vault XP percentage of total XP
 D = Non-vault monster count
 E = Vault monster count
 F = Vault count percentage of total count
                 A         B        C        D         E       F
            +---------+---------+-------+---------+---------+-------
      Total |     390 |      41 |   9.5 |      71 |      14 |  16.5
            +---------+---------+-------+---------+---------+-------
        D:1 |      25 |       0 |   0.0 |      15 |       0 |   0.0
        D:2 |      79 |       0 |   0.0 |      15 |       0 |   0.0
        D:3 |     130 |       2 |   1.5 |      29 |       1 |   3.3
        D:4 |     156 |      39 |  20.0 |      12 |      13 |  52.0
            +---------+---------+-------+---------+---------+-------
